 Dungeon Crawl Stone Soup version 0.29-a0-878-g7b45a56547 (webtiles) character file.

Game seed: 736062486703407889

21 zeratav the Stinger (level 2, 0/17 HPs)
             Began as an Octopode Venom Mage on July 20, 2022.
             Slain by a quokka (2 damage)
             ... on level 1 of the Dungeon.
             The game lasted 00:00:41 (714 turns).

zeratav the Stinger (Octopode Venom Mage)            Turns: 714, Time: 00:00:42

Health: 0/17       AC:  1    Str:  7    XL:     2   Next: 83%
Magic:  1/5        EV: 13    Int: 17    God:
Gold:   29         SH:  0    Dex: 12    Spells: 4/5 levels left

rFire   . . .      SeeInvis .   c - +0 dagger {short}
rCold   . . .      Faith    .   (no shield)
rNeg    . . .      Spirit   .   (helmet restricted)
rPois   .          Reflect  .   (no amulet)
rElec   .          Harm     .   (no ring)
rCorr   .          Rampage  .   (no ring)
Will    .....                   (no ring)
Stlth   +++.......              (no ring)
HPRegen 0.05/turn               (no ring)
MPRegen 0.09/turn               (no ring)
                                (no ring)
                                (no ring)

@: very slightly contaminated
A: almost no armour, amphibious, 8 rings, camouflage 1, gelatinous body 1,
(nimble swimmer 1), tentacles
a: no special abilities


You were on level 1 of the Dungeon.
You visited 1 branch of the dungeon, and saw 1 of its levels.

You collected 29 gold pieces.


Innate Abilities, Weirdness & Mutations

You cannot wear most types of armour.
You are amphibious.
You can wear up to eight rings at the same time.
Your skin changes colour to match your surroundings (Stealth+).
Your rubbery body absorbs attacks. (AC +1, EV +1)
((You are camouflaged when in or above water. (Stealth+)))
You have tentacles for arms and can constrict up to eight enemies at once.


   Skills:
 - Level 2.0 Dodging
 + Level 3.8 Stealth
 - Level 2.0 Spellcasting
 - Level 1.0 Transmutations
 + Level 4.2 Poison Magic


You had 4 spell levels left.
You knew the following spells:

 Your Spells              Type           Power      Damage    Failure   Level
a - Sting                 Tmut/Pois      40%        1d5       7%          1

Your spell library contained the following spells:

 Spells                   Type           Power      Damage    Failure   Level
 Poisonous Vapours        Pois/Air       16%        N/A       12%         2
 Sandblast                Erth           2%         2d4       19%         1
 Passwall                 Tmut/Erth      2%         N/A       24%         2
 Mephitic Cloud           Conj/Pois/Air  6%         N/A       32%         3
 Olgreb's Toxic Radiance  Pois           16%        N/A       32%         4
 Stone Arrow              Conj/Erth      2%         3d7       50%         3

Inventory:

Hand Weapons
 c - a +0 dagger (weapon) {short}
   (You took it off a kobold on level 1 of the Dungeon)
Scrolls
 e - a scroll of fog {unknown}
Potions
 a - a potion of magic
 b - a potion of mutation {unknown}
 d - a potion of berserk rage {unknown}
 f - a potion of curing {unknown}
 g - a potion of degeneration {unknown}

Dungeon Overview and Level Annotations

Branches:
Dungeon (1/15) Zot: 5285

Altars:

#. #...
##.#########
#..#
#..........#
#.##
#..........#
#.#≈
####.....[....##
#.#≈
#..!.......††.[#
#.8≈
#..........###.#
#.+.
#..........#
#.########.8≈
#........@.#
#..........#≈
#.........r#
############≈
#..########.. ##
#.. .).. # .P
..... ..... ....
....


You could see a quokka (poisoned).


Message History

The helpless endoplasm fails to defend itself.
You puncture the endoplasm!
You kill the endoplasm!
No target in view!
No target in view!
No target in view!
No target in view!
No target in view!
No target in view!
No target in view!
No target in view!
No target in view!
No target in view!
No target in view!
A frilled lizard comes into view.
A frilled lizard is nearby!
A quokka comes into view.
A giant cockroach comes into view.
The helpless quokka fails to defend itself.
You puncture the quokka!
You kill the quokka!
The helpless frilled lizard fails to defend itself.
You puncture the frilled lizard!
You kill the frilled lizard!
You see here a quokka corpse.
You hit the giant cockroach. Your grab misses the giant cockroach.
You squeeze the giant cockroach.
You kill the giant cockroach!
No target in view!
No target in view!
No target in view!
You pick up a book of Geomancy and begin reading...
You add the spells Sandblast, Passwall and Stone Arrow to your library.
A quokka comes into view.
A quokka is nearby!
A quokka is nearby!
A quokka is nearby!
The quokka bites you but does no damage.
You barely miss the quokka. Your grab misses the quokka. The quokka bites you.
The quokka barely misses you.
HP[-5]
You take 5 damage, and now have 12/17 hp.
MASSIVE DAMAGE!! (PAUSE)
You barely miss the quokka. Your grab misses the quokka. The quokka bites you.
HP[-2]
You take 2 damage, and now have 10/17 hp.
You closely miss the quokka. Your grab misses the quokka.
Your squeeze misses the quokka. The quokka bites you.
* * * LOW HITPOINT WARNING * * *
You are too injured to fight recklessly!
HP[-2]
You take 2 damage, and now have 8/17 hp.
You are too injured to fight recklessly!
You are too injured to fight recklessly!
You are too injured to fight recklessly!
You are too injured to fight recklessly!
You are too injured to fight recklessly!
You are too injured to fight recklessly!
Casting: Sting (safe; 7% risk of failure)
Confirm with . or Enter, or press ? or * to list all spells.
Aiming: Sting (safe; 7% risk of failure)
Press: ? - help, Shift-Dir - straight line, f - quokka
Aim: a quokka (60% to hit)
The sting hits the quokka.
The quokka is poisoned.
The quokka bites you.
* * * LOW HITPOINT WARNING * * *
HP[-2] MP[-1]
You take 2 damage, and now have 6/17 hp.
You lost 1 mp, and now have 4/5 mp.
Casting: Sting (safe; 7% risk of failure)
Confirm with . or Enter, or press ? or * to list all spells.
Aiming: Sting (safe; 7% risk of failure)
Press: ? - help, Shift-Dir - straight line, f/p - quokka
Aim: a quokka (severely wounded, poisoned, 60% to hit)
You miscast Sting.
You are very lightly contaminated with residual magic.
Nothing appears to happen.
The quokka closely misses you.
MP[-1]
You lost 1 mp, and now have 3/5 mp.
Casting: Sting (safe; 7% risk of failure)
Confirm with . or Enter, or press ? or * to list all spells.
Aiming: Sting (safe; 7% risk of failure)
Press: ? - help, Shift-Dir - straight line, f/p - quokka
Aim: a quokka (severely wounded, poisoned, 60% to hit)
The sting misses the quokka.
The quokka closely misses you.
A goblin comes into view. It is wielding a +0 dagger.
The quokka bites you.
* * * LOW HITPOINT WARNING * * *
HP[-4] MP[-1]
You take 4 damage, and now have 2/17 hp.
MASSIVE DAMAGE!! (PAUSE)
You lost 1 mp, and now have 2/5 mp.
Casting: Sting (safe; 7% risk of failure)
Confirm with . or Enter, or press ? or * to list all spells.
Aiming: Sting (safe; 7% risk of failure)
Press: ? - help, Shift-Dir - straight line, f/p - quokka
Aim: a quokka (heavily wounded, poisoned, 60% to hit)
The sting misses the quokka.
The sting hits the goblin.
The goblin is poisoned.
You kill the goblin!
The quokka bites you.
You die...

Skill      XL: |  1 |
---------------+----+-----
Stealth        | 3 |  3.8
Poison Magic   | 4 |  4.2
Dodging        | |  2.0
Spellcasting   | |  2.0
Transmutations | |  1.0

Action                   || total
-------------------------++-------
Melee: Dagger            ||    24
       Tentacles         ||     6
       Unarmed           ||     3
       Constrict         ||     3
 Cast: Sting             ||    12
 Stab: Sleeping          ||     9
Armor: Skin              ||     2
Dodge: Dodged            ||    10

Levels and vault maps discovered:
D:1:      lightli_arrival_statuegarden, layout_basic, serial_forest,
          infiniplex_forest_clump_long, infiniplex_forest_straight_2,
          infiniplex_forest_end_3, infiniplex_forest_straight_2,
          infiniplex_forest_clump_diagonal, nrook_mini_vaults

Notes
Turn   | Place    | Note
-------+----------+-------------------------------------------
     0 | D:1      | zeratav the Octopode Venom Mage began the quest for the
                  | Orb.
     0 | D:1      | Reached XP level 1. HP: 11/11 MP: 3/3
     0 | D:1      | magus.rc [v1.9.6]
   106 | D:1      | Reached skill level 3 in Stealth
   208 | D:1      | Reached skill level 4 in Poison Magic
   208 | D:1      | Reached XP level 2. HP: 17/17 MP: 5/5
   701 | D:1      | You pick up a book of Geomancy and begin reading...
   701 | D:1      | You add the spells Sandblast, Passwall and Stone Arrow to
                  | your library.
   713 | D:1      | HP: 2/17 [quokka (4)]
   714 | D:1      | Slain by a quokka

Vanquished Creatures
  4 endoplasms (D:1)
  3 giant cockroaches (D:1)
  A goblin (D:1)
  2 quokkas (D:1)
  2 ball pythons (D:1)
  3 bats (D:1)
  A frilled lizard (D:1)
  2 kobolds (D:1)
  2 rats (D:1)
20 creatures vanquished.

Table legend:
 A = Non-vault XP
 B = Vault XP
 C = Vault XP percentage of total XP
 D = Non-vault monster count
 E = Vault monster count
 F = Vault count percentage of total count
                 A         B        C        D         E       F
            +---------+---------+-------+---------+---------+-------
      Total |      32 |       0 |   0.0 |      20 |       0 |   0.0
            +---------+---------+-------+---------+---------+-------
        D:1 |      32 |       0 |   0.0 |      20 |       0 |   0.0
            +---------+---------+-------+---------+---------+-------

Illustrated notes

Table legend:
 A = Kills in this place as a percentage of kills in entire the game.
 B = Kills by you in this place as a percentage of kills by you in the entire game.
 C = Kills by friends in this place as a percentage of kills by friends in the entire game.
 D = Other kills in this place as a percentage of other kills in the entire game.
 E = Experience gained in this place as a percentage of experience gained in the entire game.
 F = Experience gained in this place divided by the number of levels of this place that you have seen.
                   A       B       C       D       E      F
               +-------+-------+-------+-------+-------+----------------------
         Total | 100.0 | 100.0 |   N/A |   N/A | 100.0 |  32.0
       Dungeon | 100.0 | 100.0 |   N/A |   N/A | 100.0 |  32.0
               +-------+-------+-------+-------+-------+----------------------

Table legend: (Time is in decaauts)
 A = Elapsed time spent in this place.
 B = Non-inter-level travel time spent in this place.
 C = Inter-level travel time spent in this place.
 D = Time resting spent in this place.
 E = Time spent auto-exploring this place.
 F = Levels seen in this place.
 G = Mean time per level.
                   A        B        C        D        E       F      G
               +--------+--------+--------+--------+--------+-----+--------+
         Total |    713 |    713 |      0 |      0 |    599 |   1 |  713.0 |
       Dungeon |    713 |    713 |      0 |      0 |    599 |   1 |  713.0 |
               +--------+--------+--------+--------+--------+-----+--------+

Top non-repeatable levels by time:
     D:1: 713 daAuts
